[Event "Titled Tuesday Blitz November 14 Late 2023"]
[White "PoXerStar"]
[Black "Sakun, Volodymyr"]
[BlackFideId "14114062"]
[WhiteElo "2449"]
[BlackElo "2613"]
[Result "0-1"]
[Round "9"]
[TimeControl "180+1"]
[Date "2023.11.14"]
[WhiteClock "0:01:11"]
[BlackClock "0:02:06"]
[Board "45"]

1. d4 Nf6 2. c4 e6 3. Nf3 d5 4. g3 Be7 5. Bg2 O-O 6. O-O c6 7. Qc2 b6 8. Nbd2 Ba6 9. e4 dxe4 10. Ng5 Qxd4 11. Ndxe4 Nxe4 12. Bxe4 Qxc4 0-1


[Site "https://www.chess.com"]

[Event "Titled Tuesday Blitz November 14 Late 2023"]
[White "Golubev, Mikhail"]
[Black "Kubatko, Ivan"]
[WhiteFideId "14100983"]
[BlackFideId "24111473"]
[WhiteElo "2609"]
[BlackElo "2427"]
[Result "1-0"]
[Round "9"]
[TimeControl "180+1"]
[Date "2023.11.14"]
[WhiteClock "0:00:23"]
[BlackClock "0:00:01"]
[Board "46"]

1. e4 d5 2. exd5 Qxd5 3. Nc3 Qa5 4. g3 Nf6 5. Bg2 h5 6. Nf3 Nc6 7. d3 h4 8. Nxh4 Bg4 9. Bf3 Bxf3 10. Nxf3 e6 11. Qe2 O-O-O 12. Bd2 Nb4 13. Rc1 Nxa2 14. Ra1 Nxc3 15. Rxa5 Nxe2 16. Kxe2 Bd6 17. Rxa7 b6 18. Ra8+ Kd7 19. Rxd8+ Rxd8 20. Ra1 e5 21. Ng5 Ke7 22. h4 Nd7 23. Ne4 f6 24. g4 Ke6 25. h5 Nf8 26. Ng3 Nd7 27. Nf5 Bf8 28. Ra7 Rc8 29. b4 Kf7 30. c3 Ke6 31. Kf3 Kf7 32. Ke4 Ke6 33. f4 Kf7 34. fxe5 Nxe5 35. Bf4 Nxg4 36. Rxc7+ Rxc7 37. Bxc7 b5 38. c4 Bxb4 39. cxb5 Nf2+ 40. Kd4 Ng4 41. Kd5 Ke8 42. Kc6 Kf7 43. b6 Ne5+ 44. Bxe5 1-0


[Site "https://www.chess.com"]

[Event "Titled Tuesday Blitz November 14 Late 2023"]
[White "Janaszak, Dawid"]
[Black "Qiao, Cindy"]
[WhiteFideId "1119206"]
[BlackFideId "2620243"]
[WhiteElo "2577"]
[BlackElo "2426"]
[Result "1-0"]
[Round "9"]
[TimeControl "180+1"]
[Date "2023.11.14"]
[WhiteClock "0:00:17"]
[BlackClock "0:01:02"]
[Board "47"]

1. Nc3 d5 2. d4 Nf6 3. Bf4 e6 4. a3 Bd6 5. e3 b6 6. Nf3 Bb7 7. Ne5 O-O 8. Qf3 c5 9. h4 Ne4 10. Nxe4 dxe4 11. Qg3 Bxe5 12. Bxe5 f6 13. Bd6 Rf7 14. dxc5 bxc5 15. O-O-O Qc8 16. Bc4 Ba6 17. Ba2 Nc6 18. Qg4 f5 19. Qf4 c4 20. g4 Qb7 21. gxf5 exf5 22. c3 Na5 23. Rd2 Nb3+ 24. Bxb3 cxb3 25. Be5 Bd3 26. Rg1 Qc6 27. h5 h6 28. Rg6 Qd5 29. Rd6 Qb5 30. Rg6 Bc2 31. Rg1 Kh7 32. Qg3 Qa6 33. Qg6+ Qxg6 34. hxg6+ Kg8 35. gxf7+ Kxf7 36. Rxg7+ Ke6 37. Bf4 h5 38. Rd6# 1-0


[Site "https://www.chess.com"]

[Event "Titled Tuesday Blitz November 14 Late 2023"]
[White "Likvidator228"]
[Black "Golubenko, Valentina"]
[BlackFideId "4501993"]
[WhiteElo "2567"]
[BlackElo "2408"]
[Result "1-0"]
[Round "9"]
[TimeControl "180+1"]
[Date "2023.11.14"]
[WhiteClock "0:00:57"]
[BlackClock "0:00:00"]
[Board "48"]

1. d4 Nf6 2. Bf4 c5 3. e3 g6 4. c3 Bg7 5. Nf3 cxd4 6. cxd4 O-O 7. Nc3 d5 8. h3 a6 9. Be2 Nc6 10. O-O b5 11. Rc1 Bb7 12. Nd2 e6 13. Nb3 Nd7 14. Bd6 Re8 15. Nc5 Nxc5 16. Bxc5 e5 17. dxe5 Nxe5 18. Bd4 Rc8 19. b3 Qd7 20. Qd2 h6 21. Rfd1 Red8 22. Bf1 Bc6 23. Ne2 Bb7 24. Qb2 Qd6 25. f4 Rxc1 26. Nxc1 Nf3+ 27. gxf3 Bxd4 28. Qxd4 Qe6 29. Nd3 Bc8 30. Nc5 Qe7 31. b4 Qh4 32. Qd2 d4 33. Qf2 Qxf2+ 34. Kxf2 dxe3+ 35. Ke2 Re8 36. Rd3 Bf5 37. Rxe3 Rxe3+ 38. Kxe3 Bb1 39. a3 Bf5 40. Nxa6 Kg7 41. h4 f6 42. Bxb5 g5 43. fxg5 fxg5 44. hxg5 hxg5 45. Bd3 Be6 46. Nc5 Bd5 47. a4 Kf6 48. Be4 Bc4 49. Kd4 1-0


[Site "https://www.chess.com"]

[Event "Titled Tuesday Blitz November 14 Late 2023"]
[White "Chylewski, Patryk"]
[Black "Garrido, Denis"]
[WhiteFideId "1186191"]
[BlackFideId "601217"]
[WhiteElo "2560"]
[BlackElo "2401"]
[Result "1-0"]
[Round "9"]
[TimeControl "180+1"]
[Date "2023.11.14"]
[WhiteClock "0:00:06"]
[BlackClock "0:00:10"]
[Board "49"]

1. Nf3 d5 2. c4 c6 3. d4 Nf6 4. cxd5 cxd5 5. Nc3 Nc6 6. Bf4 Ne4 7. e3 Nxc3 8. bxc3 g6 9. c4 dxc4 10. Bxc4 Bg7 11. O-O O-O 12. Qe2 b6 13. Rac1 Bb7 14. Ba6 Qc8 15. Bb5 Qe6 16. Bc4 Qd7 17. Rfd1 Rac8 18. Bb5 Qd5 19. e4 Qh5 20. d5 Na5 21. Bd7 Rxc1 22. Rxc1 Rd8 23. Rc7 h6 24. Bg3 Bf8 25. h3 g5 26. Bf5 f6 27. Qc2 Qe8 28. Be6+ Kg7 29. h4 b5 30. hxg5 hxg5 31. Nxg5 fxg5 32. Qc3+ Kh6 33. Qh8+ Kg6 34. Bf5+ Kf7 35. Qh5+ Kg7 36. Qh7+ Kf6 37. e5# 1-0


[Site "https://www.chess.com"]

[Event "Titled Tuesday Blitz November 14 Late 2023"]
[White "Mazzilli, Piero"]
[Black "Karamsetty, Jeevan"]
[WhiteFideId "807087"]
[BlackFideId "2025337"]
[WhiteElo "2377"]
[BlackElo "2548"]
[Result "1-0"]
[Round "9"]
[TimeControl "180+1"]
[Date "2023.11.14"]
[WhiteClock "0:00:11"]
[BlackClock "0:00:03"]
[Board "50"]

1. e4 e5 2. Nf3 d6 3. d4 exd4 4. Nxd4 Nf6 5. Nc3 Be7 6. Bf4 O-O 7. Qd2 Nc6 8. Nxc6 bxc6 9. Bd3 Rb8 10. b3 d5 11. exd5 cxd5 12. O-O Bb4 13. a3 Ba5 14. b4 Bb6 15. Na4 Be6 16. Nxb6 Rxb6 17. Be5 Ne8 18. Bd4 Rb7 19. f4 f5 20. Rfe1 Qd6 21. Bc5 Qd7 22. Bxf8 Kxf8 23. Qe3 Rb6 24. Rad1 Nf6 25. c4 d4 26. Qf3 Ra6 27. Qe2 Kf7 28. Qb2 Rb6 29. c5 Rb8 30. Qc2 Ng4 31. Bc4 Re8 32. Qxf5+ Nf6 33. Rxe6 Kf8 34. Rxf6+ 1-0


[Site "https://www.chess.com"]

[Event "Titled Tuesday Blitz November 14 Late 2023"]
[White "Vafin, Ayrat"]
[Black "Avalos Parra, Joao"]
[WhiteFideId "4146530"]
[BlackFideId "3402541"]
[WhiteElo "2539"]
[BlackElo "2361"]
[Result "1-0"]
[Round "9"]
[TimeControl "180+1"]
[Date "2023.11.14"]
[WhiteClock "0:00:20"]
[BlackClock "0:00:23"]
[Board "51"]

1. Nf3 d5 2. g3 Nf6 3. Bg2 e6 4. O-O Be7 5. c4 d4 6. e3 c5 7. exd4 cxd4 8. Re1 Nc6 9. Ne5 Nxe5 10. Rxe5 O-O 11. d3 h6 12. a3 a5 13. Re1 Bd6 14. Nd2 Qc7 15. Rb1 a4 16. Qc2 Nd7 17. Ne4 Be7 18. b4 axb3 19. Rxb3 e5 20. Rb1 f5 21. Nd2 Nc5 22. Bd5+ Kh8 23. Nf3 Bd7 24. Nxe5 Ba4 25. Ng6+ Kh7 26. Nxf8+ Rxf8 27. Qe2 Bd6 28. Bb2 Re8 29. Qxe8 Bxe8 30. Rxe8 Nxd3 31. Bxd4 Bc5 32. Rxb7 Qxb7 33. Bxb7 Bxd4 34. Rd8 Bxf2+ 35. Kg2 1-0


[Site "https://www.chess.com"]

[Event "Titled Tuesday Blitz November 14 Late 2023"]
[White "Omariev, Maksim"]
[Black "Silvestre, Christian"]
[WhiteFideId "4193423"]
[BlackFideId "30956269"]
[WhiteElo "2522"]
[BlackElo "2273"]
[Result "1-0"]
[Round "9"]
[TimeControl "180+1"]
[Date "2023.11.14"]
[WhiteClock "0:01:34"]
[BlackClock "0:01:48"]
[Board "52"]

1. e4 c5 2. Nf3 d6 3. d4 cxd4 4. Nxd4 Nf6 5. Nc3 g6 6. Be3 a6 7. f3 b5 8. Qd2 h5 9. O-O-O Nbd7 10. Kb1 Ne5 11. h3 Bb7 12. f4 Nc4 13. Bxc4 bxc4 14. e5 dxe5 15. fxe5 Ne4 16. Nxe4 Bxe4 17. e6 f5 18. Qb4 Qc7 19. Qa4+ 1-0


[Site "https://www.chess.com"]

[Event "Titled Tuesday Blitz November 14 Late 2023"]
[White "VitaliyChayka"]
[Black "Goltsev, Dmitry"]
[BlackFideId "24176710"]
[WhiteElo "2354"]
[BlackElo "2702"]
[Result "0-1"]
[Round "9"]
[TimeControl "180+1"]
[Date "2023.11.14"]
[WhiteClock "0:00:07"]
[BlackClock "0:00:32"]
[Board "53"]

1. d4 e6 2. Bf4 b6 3. e3 Bb7 4. Nf3 Ne7 5. h3 Ng6 6. Bg3 Be7 7. Be2 O-O 8. Nbd2 f5 9. c3 f4 10. Bh2 fxe3 11. fxe3 Bh4+ 12. g3 Bg5 13. Bg1 d6 14. Qb3 Qf6 15. Nxg5 Qxg5 16. Qxe6+ Kh8 17. e4 Qxg3+ 18. Kd1 Nf4 19. Qg4 Nxe2 20. Kxe2 Qxg4+ 21. hxg4 Nd7 22. Be3 Nf6 23. d5 Nxg4 24. Bd4 Rae8 25. Rag1 Ne5 26. Ke3 Rf7 27. Rf1 Ng4+ 28. Kd3 Ref8 29. Rxf7 Rxf7 30. Rg1 Bc8 31. a4 Kg8 32. b4 h5 33. a5 h4 34. Rh1 h3 35. Ke2 Ne5 36. Bxe5 dxe5 37. axb6 axb6 38. Nc4 Ba6 39. Kd3 Rf3+ 40. Ke2 Rxc3 0-1


[Site "https://www.chess.com"]

[Event "Titled Tuesday Blitz November 14 Late 2023"]
[White "Tristan, Leonardo"]
[Black "Rich, Albert J"]
[WhiteFideId "113816"]
[BlackFideId "2028735"]
[WhiteElo "2686"]
[BlackElo "2483"]
[Result "0-1"]
[Round "9"]
[TimeControl "180+1"]
[Date "2023.11.14"]
[WhiteClock "0:00:25"]
[BlackClock "0:00:22"]
[Board "54"]

1. d4 d6 2. e4 Nf6 3. Nc3 Nbd7 4. g4 h6 5. f4 e5 6. h3 c6 7. Nf3 exd4 8. Qxd4 d5 9. e5 Bc5 10. Qd3 Nh7 11. Be3 Qa5 12. Nd4 Bxd4 13. Qxd4 Nhf8 14. f5 h5 15. Bg2 hxg4 16. hxg4 Rxh1+ 17. Bxh1 Nb6 18. b3 g6 19. Bd2 Qa3 20. Nb1 Qe7 21. f6 Qe6 22. Bc3 Qxg4 23. Qxg4 Bxg4 24. Nd2 Ne6 25. a3 Nd7 26. Bb2 O-O-O 27. Kf2 Rh8 28. Bg2 Rh5 29. Re1 Bf5 30. c4 Ndc5 31. Kg1 Nd3 32. Rb1 Ndf4 33. Rc1 Ne2+ 34. Kf2 Nxc1 35. cxd5 Nd3+ 36. Ke3 cxd5 37. Bc3 Ne1 38. Bxd5 Rh3+ 39. Ke2 Rxc3 40. Kxe1 Rd3 41. Bc4 Re3+ 42. Kd1 Rxe5 43. Nf3 Ra5 44. b4 Ra6 45. Bxa6 bxa6 46. Ne5 Nd8 47. Kd2 Be6 48. Ke3 Kc7 49. Kd4 Nc6+ 50. Ke4 Nxe5 51. Kxe5 Kc6 52. a4 Kb6 53. Kd4 a5 54. b5 a6 55. bxa6 Kxa6 56. Kc5 Bd7 57. Kd6 Bxa4 58. Ke7 Bb3 59. Kd6 Be6 60. Kc5 a4 61. Kb4 Kb6 62. Kxa4 Kc6 63. Kb4 Kd6 64. Kc3 Ke5 65. Kd3 Kxf6 66. Ke3 Kf5 67. Kf2 Kg5 68. Kg3 f5 69. Kh2 f4 70. Kg2 Kf5 71. Kf2 g5 72. Kg1 g4 73. Kh1 g3 74. Kg1 Kg4 75. Kh1 f3 76. Kg1 Bc4 77. Kh1 Bd5 78. Kg1 Be4 79. Kh1 f2# 0-1


[Site "https://www.chess.com"]

[Event "Titled Tuesday Blitz November 14 Late 2023"]
[White "Vlassov, Nikolai"]
[Black "Nikologorsky, Matfei"]
[WhiteFideId "4103360"]
[BlackFideId "24102474"]
[WhiteElo "2604"]
[BlackElo "2453"]
[Result "1-0"]
[Round "9"]
[TimeControl "180+1"]
[Date "2023.11.14"]
[WhiteClock "0:00:39"]
[BlackClock "0:00:14"]
[Board "55"]

1. e4 c5 2. c3 Nf6 3. e5 Nd5 4. d4 cxd4 5. cxd4 e6 6. Nc3 Nxc3 7. bxc3 Qc7 8. Bd2 d6 9. f4 Nc6 10. Nf3 Be7 11. Bd3 b6 12. Qe2 Bb7 13. O-O g6 14. Rf2 d5 15. Raf1 Na5 16. g4 Rg8 17. Kh1 Nc4 18. f5 gxf5 19. gxf5 O-O-O 20. Rg1 Rxg1+ 21. Kxg1 Nxd2 22. Qxd2 Rg8+ 23. Rg2 Rxg2+ 24. Kxg2 a5 25. f6 Ba3 26. Bxh7 Ba6 27. Ng5 Qc4 28. Qe1 Qxa2+ 29. Kg3 Kd7 30. Bg8 Qc2 31. Bxf7 Qd3+ 32. Kh4 Bf8 33. Bxe6+ Kc6 34. Bf7 Qf5 35. Qg3 Be2 36. Bxd5+ Kxd5 37. Qg2+ Bf3 38. Qxf3+ Qxf3 39. Nxf3 a4 40. Nd2 Bh6 41. Nb1 Ke6 42. Kh5 Bf8 43. Kg6 a3 44. Nd2 b5 45. h4 b4 46. cxb4 Bxb4 47. Nb3 Bc3 48. f7 Ke7 49. Kg7 1-0


[Site "https://www.chess.com"]

[Event "Titled Tuesday Blitz November 14 Late 2023"]
[White "ATM622"]
[Black "Yelisieiev, Yevhenii"]
[BlackFideId "14139642"]
[WhiteElo "2443"]
[BlackElo "2583"]
[Result "1-0"]
[Round "9"]
[TimeControl "180+1"]
[Date "2023.11.14"]
[WhiteClock "0:00:12"]
[BlackClock "0:00:00"]
[Board "56"]

1. d4 d6 2. c4 Nf6 3. g3 e5 4. Bg2 exd4 5. Qxd4 Nc6 6. Qd1 g6 7. Nf3 Bg7 8. O-O O-O 9. Nc3 Re8 10. Re1 Ne4 11. Nxe4 Rxe4 12. Nd2 Re7 13. Rb1 a5 14. a3 a4 15. b4 axb3 16. Nxb3 Bf5 17. e4 Be6 18. Bg5 f6 19. Be3 Bxc4 20. Nd4 Nxd4 21. Bxd4 Rxa3 22. Rxb7 Rd3 23. Qa1 c5 24. Bxf6 Rxb7 25. Qc1 Bxf6 26. Qxc4+ Kg7 27. Qxd3 Bd4 28. Rb1 Qb8 29. Rxb7+ Qxb7 30. Bf1 Qb2 31. Qe2 Qc1 32. Kg2 h5 33. h4 Qb1 34. Qf3 Qc2 35. Bd3 Qc1 36. Qe2 Kh6 37. e5 Bxe5 38. Qe4 Kg7 39. Qxg6+ Kf8 40. Be4 Qd2 41. Qf5+ Ke7 42. Qxh5 c4 43. Qh7+ Ke6 44. Qg8+ Ke7 45. Qxc4 Qd4 46. Qc7+ 1-0


[Site "https://www.chess.com"]

[Event "Titled Tuesday Blitz November 14 Late 2023"]
[White "aghasiyevkamal"]
[Black "Kostiukov, Alexandr"]
[BlackFideId "14108100"]
[WhiteElo "2569"]
[BlackElo "2443"]
[Result "0-1"]
[Round "9"]
[TimeControl "180+1"]
[Date "2023.11.14"]
[WhiteClock "0:01:11"]
[BlackClock "0:00:37"]
[Board "57"]

1. e4 c5 2. Nf3 g6 3. d4 cxd4 4. Nxd4 Bg7 5. c4 Nc6 6. Be3 Nf6 7. Nc3 Nxd4 8. Bxd4 Qa5 9. Bd3 O-O 10. O-O d6 11. h3 Be6 12. b3 Nd7 13. Bxg7 Kxg7 14. Rc1 a6 15. f4 f6 16. Qe2 Rac8 17. Nd5 Bxd5 18. exd5 Rfe8 19. h4 f5 20. Qb2+ Nf6 21. Rce1 b5 22. Re6 bxc4 23. Bxc4 Qb6+ 24. Kh2 Rxc4 25. Rfe1 Re4 26. R1xe4 fxe4 27. Qe2 Qd4 28. f5 gxf5 0-1


[Site "https://www.chess.com"]

[Event "Titled Tuesday Blitz November 14 Late 2023"]
[White "Santos Flores, Alberto"]
[Black "Marcziter, Dmitrii"]
[WhiteFideId "3601234"]
[BlackFideId "13900765"]
[WhiteElo "2561"]
[BlackElo "2435"]
[Result "1/2-1/2"]
[Round "9"]
[TimeControl "180+1"]
[Date "2023.11.14"]
[WhiteClock "0:00:12"]
[BlackClock "0:00:12"]
[Board "58"]

1. e4 c5 2. Nf3 a6 3. c4 e6 4. Nc3 Qc7 5. d4 cxd4 6. Nxd4 Nf6 7. Be2 b6 8. O-O Bb7 9. f3 Nc6 10. Be3 Ne5 11. b3 Ng6 12. Rc1 h5 13. Qd2 h4 14. Bd3 Bd6 15. f4 Ng4 16. e5 Bc5 17. Be4 Ne7 18. Bf2 Nxf2 19. Rxf2 f5 20. Bxb7 Qxb7 21. Na4 h3 22. g3 Nc6 23. Nxc5 bxc5 24. Nxc6 Qxc6 25. Rd1 Ra7 26. Qd6 Rc7 27. Qxc6 Rxc6 28. Rfd2 Rc7 29. Rd6 Ra7 30. Kf2 Ke7 31. Ke3 Rg8 32. a3 a5 33. Rb6 g5 34. fxg5 Rxg5 35. Rb5 Rc7 36. Rxa5 Rg4 37. Re1 Rb7 38. Rb5 Ra7 39. a4 Rc7 40. Kd3 f4 41. gxf4 Rxf4 42. Re3 Rh4 43. a5 Rc8 44. Kc3 Rg8 45. Rxc5 Rg2 46. a6 Ra2 47. b4 Rxa6 48. Ra5 Rb6 49. Ra3 Rb8 50. b5 Rg8 51. Kb4 Rgg4 52. Rac3 d5 53. exd6+ Kxd6 54. Rxh3 Rxc4+ 55. Rxc4 Rxh3 56. b6 Rxh2 57. Kb5 Rb2+ 58. Ka6 Kd5 59. Rc8 Ra2+ 60. Kb7 e5 61. Rd8+ Kc4 62. Kc6 e4 63. b7 Rb2 64. b8=Q Rxb8 65. Rxb8 e3 66. Re8 Kd3 67. Kc5 e2 68. Kb4 Kd2 69. Rd8+ Kc2 70. Re8 Kd2 71. Rxe2+ Kxe2 1/2-1/2


[Site "https://www.chess.com"]

[Event "Titled Tuesday Blitz November 14 Late 2023"]
[White "Jaskolka, Tomasz"]
[Black "Arnold, Ken"]
[WhiteFideId "1170791"]
[BlackFideId "2056836"]
[WhiteElo "2533"]
[BlackElo "2419"]
[Result "0-1"]
[Round "9"]
[TimeControl "180+1"]
[Date "2023.11.14"]
[WhiteClock "0:01:35"]
[BlackClock "0:01:58"]
[Board "59"]

1. e4 c6 2. Nf3 d5 3. Nc3 dxe4 4. Nxe4 Bf5 5. Ng3 Bg6 6. Bc4 e6 7. d3 Nf6 8. Ne5 Qa5+ 9. Bd2 Qxe5+ 10. Kf1 Bc5 11. Bc3 Bd4 12. Bb4 Nd5 13. Ba3 Qf4 14. Qe2 b5 15. Bxd5 cxd5 16. h4 h5 17. Rh3 Nc6 18. c3 Bxd3 0-1


[Site "https://www.chess.com"]

[Event "Titled Tuesday Blitz November 14 Late 2023"]
[White "Jimenez Ruano, Adrian"]
[Black "Statham_l3"]
[WhiteFideId "22276050"]
[WhiteElo "2413"]
[BlackElo "2529"]
[Result "0-1"]
[Round "9"]
[TimeControl "180+1"]
[Date "2023.11.14"]
[WhiteClock "0:00:00"]
[BlackClock "0:00:05"]
[Board "60"]

1. d4 e6 2. c4 f5 3. g3 Nf6 4. Bg2 d5 5. Nf3 c6 6. O-O Bd6 7. Nc3 O-O 8. Qc2 Bd7 9. b3 Be8 10. Bb2 Bg6 11. Nh4 Bh5 12. e3 Ne4 13. Ne2 g5 14. Nf3 f4 15. exf4 gxf4 16. Nxf4 Bxf4 17. gxf4 Rxf4 18. Ne5 Nd7 19. f3 Ng5 20. Qe2 Nxe5 21. Qxe5 Rf5 22. Qe3 Kf7 23. h4 Nh3+ 24. Bxh3 Qxh4 25. Kh2 Rg8 26. Rg1 Bg4 27. fxg4 Rf2+ 28. Kh1 h5 29. Raf1 Rxf1 30. Rxf1+ Ke7 31. Qh6 Qxh3+ 32. Kg1 Qg3+ 33. Kh1 Qh3+ 34. Kg1 Rxg4+ 35. Kf2 Qg2+ 36. Ke3 Qe4+ 37. Kd2 Rg2+ 0-1


[Site "https://www.chess.com"]

[Event "Titled Tuesday Blitz November 14 Late 2023"]
[White "TheAlienParty"]
[Black "Ongut, Tamas Gunes"]
[BlackFideId "770280"]
[WhiteElo "2388"]
[BlackElo "2527"]
[Result "0-1"]
[Round "9"]
[TimeControl "180+1"]
[Date "2023.11.14"]
[WhiteClock "0:00:47"]
[BlackClock "0:00:12"]
[Board "61"]

1. c4 e5 2. Nc3 Nf6 3. Nf3 e4 4. Ng5 c6 5. Ngxe4 Nxe4 6. Nxe4 d5 7. cxd5 cxd5 8. Ng3 h5 9. e3 h4 10. Ne2 Nc6 11. d4 Qf6 12. h3 Bf5 13. a3 Bd6 14. Nc3 Qg6 15. Qf3 O-O-O 16. b4 Rhe8 17. Be2 Kb8 18. O-O Bc7 19. Bb5 Qd6 20. Qf4 Qxf4 21. exf4 Bb6 22. Bxc6 bxc6 23. Be3 Kb7 24. Rfd1 f6 25. Rac1 Re6 26. Na4 Rde8 27. Nc5+ Bxc5 28. dxc5 Re4 29. Kf1 a6 30. Rc3 Rc4 31. Rdc1 Rxc3 32. Rxc3 Re4 33. Ke2 d4 34. Rc4 dxe3 35. Rxe4 Bxe4 36. f3 Bd5 37. Kxe3 Be6 38. Ke4 g6 39. Kd4 Kc7 40. Ke4 Kd7 41. Kd4 Bb3 42. Ke4 Ke6 43. f5+ gxf5+ 44. Kf4 Bc4 45. a4 Bf1 46. g3 hxg3 47. Kxg3 Ke5 48. h4 f4+ 49. Kg4 a5 50. bxa5 Ba6 51. h5 Bc8+ 52. Kh4 Kf5 53. a6 Bxa6 54. h6 Kg6 55. Kg4 Kxh6 56. Kxf4 Kg6 57. Ke4 Kg5 58. f4+ Kg4 59. a5 Bb5 60. f5 Kg5 61. Kd4 Kxf5 0-1


[Site "https://www.chess.com"]

[Event "Titled Tuesday Blitz November 14 Late 2023"]
[White "Pourkashiyan, Atousa"]
[Black "Skaric, Djuro"]
[WhiteFideId "12502014"]
[BlackFideId "934569"]
[WhiteElo "2526"]
[BlackElo "2382"]
[Result "1-0"]
[Round "9"]
[TimeControl "180+1"]
[Date "2023.11.14"]
[WhiteClock "0:00:11"]
[BlackClock "0:00:11"]
[Board "62"]

1. e4 d6 2. d4 g6 3. Nc3 Bg7 4. f4 Nf6 5. Nf3 Bg4 6. Bd3 Nc6 7. Be3 e5 8. fxe5 dxe5 9. d5 Nd4 10. O-O O-O 11. Ne2 Nxf3+ 12. gxf3 Bh3 13. Rf2 Nh5 14. Qd2 Qd6 15. c4 b6 16. b4 f5 17. c5 Qd7 18. Qe1 fxe4 19. Bxe4 Nf4 20. Rd1 Rae8 21. d6 c6 22. Qd2 Nxe2+ 23. Qxe2 b5 24. a4 a6 25. Ra1 Bf5 26. Qc2 Bxe4 27. Qxe4 Rf4 28. Qb1 Rc4 29. axb5 axb5 30. Qa2 e4 31. Qa7 Qe6 32. d7 Rd8 33. Rd1 exf3 34. Qc7 Bf6 35. Qd6 Qg4+ 36. Kh1 Kg7 37. Bh6+ Kf7 38. Qg3 Qe4 39. Qxf3 Qxf3+ 40. Rxf3 Rh4 41. Bg5 Rxb4 42. Rxf6+ Kg7 43. Re6 Rf8 44. d8=Q Rxd8 45. Rxd8 Re4 46. Rde8 Rxe6 47. Rxe6 h6 48. Rxc6 hxg5 49. Rb6 Kh6 50. Rxb5 Kh5 51. c6 Kg4 52. c7 Kf3 53. c8=Q g4 54. Qf8+ 1-0


[Site "https://www.chess.com"]

[Event "Titled Tuesday Blitz November 14 Late 2023"]
[White "Kovacsy, Barnabas"]
[Black "Weak-Player_EGY"]
[WhiteFideId "769290"]
[WhiteElo "2523"]
[BlackElo "2375"]
[Result "1/2-1/2"]
[Round "9"]
[TimeControl "180+1"]
[Date "2023.11.14"]
[WhiteClock "0:00:08"]
[BlackClock "0:00:09"]
[Board "63"]

1. e4 c5 2. Nf3 d6 3. d4 cxd4 4. Nxd4 Nf6 5. f3 a6 6. c4 g6 7. Nc3 Bg7 8. Be3 O-O 9. Qd2 Nc6 10. Be2 Bd7 11. O-O Rc8 12. Rac1 Ne5 13. b3 Qc7 14. Rfd1 Rfd8 15. Nd5 Nxd5 16. cxd5 Qb8 17. h3 Be8 18. f4 Nd7 19. b4 Nf6 20. Bd3 Ba4 21. Rxc8 Rxc8 22. Rc1 Nd7 23. Bc2 Bxc2 24. Rxc2 Nb6 25. Qd3 Rxc2 26. Qxc2 Qd8 27. Kf2 Nd7 28. a4 a5 29. bxa5 Qxa5 30. Qc8+ Nf8 31. Qc4 Nd7 32. Nb3 Qc3 33. Qxc3 Bxc3 34. Ke2 b6 35. Kd3 Be1 36. Kc4 f5 37. exf5 gxf5 38. Kb5 Nf6 39. Bxb6 Nxd5 40. a5 Bxa5 41. Bxa5 Nxf4 42. Bd8 Kf7 43. Nd4 e6 44. Kc6 d5 45. Kd6 Nxg2 46. Nxe6 Ne3 47. Ke5 Kg6 48. Nf4+ Kh6 49. Nxd5 Nxd5 50. Kxd5 Kg6 51. h4 Kh5 52. Kd4 Kg4 53. Ke3 Kg3 54. Ke2 Kg2 55. Bg5 h5 56. Ke3 Kg3 57. Ke2 Kg2 58. Bh6 Kg3 59. Bg5 Kg2 1/2-1/2


[Site "https://www.chess.com"]

[Event "Titled Tuesday Blitz November 14 Late 2023"]
[White "D`Arruda, Ricardo D."]
[Black "chessjazda"]
[WhiteFideId "100692"]
[WhiteElo "2512"]
[BlackElo "2356"]
[Result "0-1"]
[Round "9"]
[TimeControl "180+1"]
[Date "2023.11.14"]
[WhiteClock "0:00:14"]
[BlackClock "0:00:31"]
[Board "64"]

1. d4 c6 2. e4 d6 3. Nc3 Nf6 4. Nf3 g6 5. Bg5 Bg7 6. Qd2 h6 7. Bh4 g5 8. Bg3 Nh5 9. O-O-O Bg4 10. Be2 Nd7 11. h4 Nxg3 12. fxg3 Bxf3 13. gxf3 e6 14. hxg5 hxg5 15. Rxh8+ Bxh8 16. Rh1 Qf6 17. e5 dxe5 18. Ne4 Qg7 19. Nxg5 O-O-O 20. Rh7 Qg6 21. f4 exd4 22. Bd3 f5 23. Re7 Nc5 24. Bc4 Rd7 25. Rxd7 Nxd7 26. Bxe6 Bf6 27. a3 Bxg5 28. Bxd7+ Kxd7 29. Qxd4+ Kc7 30. fxg5 Qxg5+ 31. Qf4+ Qxf4+ 32. gxf4 Kd6 33. Kd2 Kd5 34. Kd3 c5 35. c4+ Kd6 36. b4 a6 37. Kc3 b5 38. Kd3 Kc6 39. Kc3 Kd6 40. Kb3 Kc6 41. a4 bxa4+ 42. Kxa4 cxb4 43. Kxb4 a5+ 44. Kxa5 Kc5 45. Ka4 Kxc4 46. Ka3 Kc3 47. Ka2 Kd4 48. Kb3 Ke4 49. Kc2 Kxf4 50. Kd2 Kg3 51. Ke3 f4+ 52. Ke2 Kg2 0-1


[Site "https://www.chess.com"]

[Event "Titled Tuesday Blitz November 14 Late 2023"]
[White "jactorres"]
[Black "FM_Kappeler"]
[WhiteElo "2509"]
[BlackElo "2327"]
[Result "0-1"]
[Round "9"]
[TimeControl "180+1"]
[Date "2023.11.14"]
[WhiteClock "0:00:40"]
[BlackClock "0:01:12"]
[Board "65"]

1. e4 c5 2. Nf3 e6 3. d4 cxd4 4. Nxd4 Nf6 5. Nc3 d6 6. Be2 Nc6 7. O-O Be7 8. Kh1 O-O 9. f4 e5 10. Nf5 Bxf5 11. exf5 Rc8 12. Bf3 Re8 13. Be3 exf4 14. Bxf4 Qb6 15. Na4 Qa5 16. b3 Qxf5 17. Bxd6 Bxd6 18. Bxc6 Qe5 0-1


[Site "https://www.chess.com"]

[Event "Titled Tuesday Blitz November 14 Late 2023"]
[White "Pesotskiy, Mikhail"]
[Black "KorolDimitriy75"]
[WhiteFideId "34164453"]
[WhiteElo "2508"]
[BlackElo "2348"]
[Result "1-0"]
[Round "9"]
[TimeControl "180+1"]
[Date "2023.11.14"]
[WhiteClock "0:01:19"]
[BlackClock "0:00:00"]
[Board "66"]

1. d4 Nf6 2. c4 c5 3. d5 b5 4. cxb5 a6 5. bxa6 g6 6. Nc3 Bxa6 7. e4 Bxf1 8. Kxf1 d6 9. g3 Bg7 10. Kg2 O-O 11. Nf3 Nbd7 12. a4 Qb8 13. Qc2 Qb4 14. Bd2 Nb6 15. Rhb1 Rfb8 16. b3 c4 17. bxc4 Qxc4 18. a5 Nbd7 19. Rxb8+ Rxb8 20. a6 Nc5 21. a7 Ra8 22. Qb1 Nfd7 23. Ra3 Bxc3 24. Bxc3 Qxe4 25. Qxe4 Nxe4 26. Bd4 Nec5 27. Bxc5 dxc5 28. Nd2 Kf8 29. Nc4 Ke8 30. Ra6 Kd8 31. Na5 Kc7 32. Nc6 e6 33. dxe6 fxe6 34. Na5 Nb6 35. Kf3 e5 36. Ke4 c4 37. f3 Nc8 38. Kxe5 Rxa7 39. Rxa7+ Nxa7 40. Nxc4 Nb5 41. Kf6 Nd4 42. Nd2 Kd6 43. Kg7 Nf5+ 44. Kxh7 g5 45. Kg6 Ne3 46. Kxg5 Ke5 47. h4 1-0


[Site "https://www.chess.com"]

[Event "Titled Tuesday Blitz November 14 Late 2023"]
[White "Acosta Cruz, Oscar Yosimar"]
[Black "Ventura Bolet, Maxim"]
[WhiteFideId "5111269"]
[BlackFideId "22238824"]
[WhiteElo "2233"]
[BlackElo "2498"]
[Result "0-1"]
[Round "9"]
[TimeControl "180+1"]
[Date "2023.11.14"]
[WhiteClock "0:00:47"]
[BlackClock "0:00:07"]
[Board "67"]

1. d4 Nf6 2. Nf3 g6 3. Bf4 Bg7 4. e3 O-O 5. h3 c5 6. c3 cxd4 7. exd4 d5 8. Be2 Nc6 9. O-O Bf5 10. Na3 a6 11. Bh2 Qb6 12. Qb3 Qxb3 13. axb3 Rac8 14. Rfe1 Bh6 15. Rad1 Rfe8 16. Bd3 Bxd3 17. Rxd3 Na5 18. b4 Nc4 19. Nxc4 Rxc4 20. Ne5 Rcc8 21. Rdd1 Ne4 22. Re2 Nd6 23. Ng4 Bg7 24. Bxd6 exd6 25. Rde1 Re4 26. f3 Rxe2 27. Rxe2 Kf8 28. Ne3 h5 29. Nxd5 Bh6 30. f4 h4 31. Kf2 f5 32. Re6 Kf7 33. Rf6+ Kg7 34. Rxd6 Rc6 35. Rd7+ Kf8 36. Rxb7 Rd6 37. c4 Bg7 38. Ke3 Re6+ 39. Kd3 Re4 40. Rb8+ Kf7 41. Rb7+ Kf8 42. Kc2 Rxd4 43. Kb3 Rd3+ 44. Ka4 Bxb2 45. Rb6 Ra3# 0-1


[Site "https://www.chess.com"]